 Dungeon Crawl Stone Soup version 0.24-a0-528-g98e85ec62a (webtiles) character file.

Game seed: 5787669747330059605

112 Froggeryz the Chopper (level 4, -8/41 HPs)
             Began as a Minotaur Fighter on Aug 5, 2019.
             Killed by divine providence
             ... invoked by an orc priest
              (15 damage)
             ... on level 3 of the Dungeon.
             The game lasted 00:01:29 (1230 turns).

Froggeryz the Chopper (Minotaur Fighter)            Turns: 1230, Time: 00:01:29

Health: -8/41      AC:  6    Str: 21    XL:     4   Next: 63%
Magic:  3/3        EV:  7    Int:  5    God:
Gold:   166        SH:  9    Dex: 10    Spells: 3/3 levels left

rFire    . . .     SeeInvis .   a - +0 war axe
rCold    . . .     Gourm    .   c - +0 shield
rNeg     . . .     Faith    .   b - +0 scale mail
rPois    .         Spirit   .   (helmet restricted)
rElec    .         Reflect  .   (no cloak)
rCorr    .         Harm     .   (no gloves)
MR       .....                  (no boots)
Stlth    ..........             (no amulet)
HPRegen  0.13/turn              (no ring)
MPRegen  0.08/turn              (no ring)

@: no status effects
A: retaliatory headbutt, horns 2
a: no special abilities


You were on level 3 of the Dungeon.
You were not hungry.

You visited 1 branch of the dungeon, and saw 3 of its levels.

You collected 166 gold pieces.

Inventory:

Hand Weapons
 a - a +0 war axe (weapon)
 m - a +3 dagger of venom
Armour
 b - a +0 scale mail (worn)
 c - a +0 shield (worn)
Scrolls
 g - 6 scrolls of identify {unknown}
 i - a scroll of enchant weapon {unknown}
 k - 3 scrolls of enchant armour {unknown}
 n - a scroll of fog {unknown}
 p - a scroll of fear {unknown}
 s - a scroll of random uselessness {unknown}
Potions
 d - 3 potions of might
 e - a potion of brilliance {unknown}
 h - a potion of flight {unknown}
 j - a potion of agility {unknown}
 l - 3 potions of curing {unknown}
 o - a potion of heal wounds {unknown}
 q - a potion of lignification {unknown}
 r - a potion of magic {unknown}
 t - a potion of degeneration {unknown}
Comestibles
 f - 2 rations
 u - a chunk of flesh


   Skills:
 + Level 4.8 Fighting
 * Level 5.0 Axes
 - Level 3.6 Armour
 - Level 3.6 Shields


You had 3 spell levels left.
You didn't know any spells.
Your spell library was empty.

Dungeon Overview and Level Annotations

Branches:
Dungeon (3/15)

Altars:


Innate Abilities, Weirdness & Mutations

You reflexively headbutt those who attack you in melee.
You have a pair of horns on your head.


Message History

You hit the orc priest but do no damage.
You block the orc priest's attack.
You hit the orc priest.
The orc priest is lightly wounded.
The orc priest miscasts a cantrip.
You slash the orc priest! Your headbutt misses the orc priest.
The orc priest is severely wounded.
The orc priest hits you with a +0 hand axe.
You hit the orc priest but do no damage.
The orc priest is severely wounded.
The orc priest invokes the aid of Beogh against you.
Beogh smites you!
* * * LOW HITPOINT WARNING * * *
You hear a shout! x2
You closely miss the orc priest.
The orc priest is severely wounded.
You hear a shout!
The orc priest calls down the wrath of Beogh upon you.
Beogh smites you!
You die...

.... #.##..#
#.#######.##..## .
##........†..... ..
###.#####.##.### ...
##............# ...
#..#.#.######.# #..
#......######.#
#...##..#.#.....##.#
#...o@......###.##.#
##.#...#.#### #.##.#
##.##.######.)#.#
....#...........#
###..#########......
#..# #...### #..#
#...# #..# #...# #.
#..##


You could see an orc priest.

Vanquished Creatures
  An iguana (D:3)
  2 adders (D:2)
  3 worms (D:2)
  2 dart slugs
  11 orcs (D:3)
  3 giant cockroaches
  3 goblins
  2 hobgoblins (D:2)
  3 jackals (D:2)
  6 kobolds
  A quokka (D:2)
  3 bats
  4 frilled lizards
  A rat (D:1)
45 creatures vanquished.

Notes
Turn   | Place    | Note
-------+----------+-------------------------------------------
     0 | D:1      | Froggeryz the Minotaur Fighter began the quest for the Orb.
     0 | D:1      | Reached XP level 1. HP: 19/19 MP: 0/0
   352 | D:1      | Reached skill level 3 in Axes
   379 | D:1      | Reached XP level 2. HP: 25/27 MP: 1/1
   607 | D:2      | Reached XP level 3. HP: 32/33 MP: 2/2
   836 | D:2      | Reached skill level 4 in Axes
  1164 | D:3      | Reached XP level 4. HP: 38/41 MP: 3/3
  1191 | D:3      | Reached skill level 5 in Axes
  1230 | D:3      | Killed from afar by an orc priest

Levels and vault maps discovered:
D:1:      eino_arrival_water_star, layout_rooms, minmay_split_cup_small
D:2:      layout_loops_cross
D:3:      layout_loops_ring, serial_glass, glass_columns_a, glass_columns_c,
          feat_on_display, due_unseen_surprise, feat_on_display,
          gammafunk_ghost_cemetery

Skill      XL: |  1  2  3  4 |
---------------+-------------+-----
Axes           | 3 4 5 |  5.0
Fighting       | 4 |  4.8
Armour         | |  3.6
Shields        | |  3.6

Action                   |  1- 3 |  4- 6 || total
-------------------------+-------+-------++-------
Melee: War axe           |    83 |    22 ||   105
       Headbutt          |    14 |     2 ||    16
  Eat: Chunk             |       |     1 ||     1
Armor: Scale mail        |    29 |     4 ||    33
Dodge: Dodged            |    26 |     3 ||    29
Block: Shield            |    35 |     5 ||    40

Table legend:
 A = Non-vault XP
 B = Vault XP
 C = Vault XP percentage of total XP
 D = Non-vault monster count
 E = Vault monster count
 F = Vault count percentage of total count
                 A         B        C        D         E       F
            +---------+---------+-------+---------+---------+-------
      Total |     156 |       4 |   2.5 |      42 |       3 |   6.7
            +---------+---------+-------+---------+---------+-------
        D:1 |      15 |       4 |  21.1 |      10 |       3 |  23.1
        D:2 |      67 |       0 |   0.0 |      18 |       0 |   0.0
        D:3 |      74 |       0 |   0.0 |      14 |       0 |   0.0
            +---------+---------+-------+---------+---------+-------
